[Event "Titled Tuesday Blitz March 28 Early 2023"]
[White "Novikova, Galina"]
[Black "Sanchez, Robert"]
[WhiteFideId "4157095"]
[BlackFideId "2034360"]
[WhiteElo "1953"]
[BlackElo "2136"]
[Result "1-0"]
[Round "06"]
[TimeControl "180+2"]
[Date "2023.03.28"]
[WhiteClock "0:00:57"]
[BlackClock "0:02:22"]

1. e4 e6 2. Nf3 d5 3. e5 c5 4. b4 c4 5. c3 f6 6. d4 cxd3 7. Bxd3 Nc6 8. Bf4 fxe5 9. Nxe5 Nf6 10. O-O Bd6 11. Qe2 O-O 12. Nxc6 bxc6 13. Bxd6 Qxd6 14. Re1 e5 15. Qxe5 Re8 16. Qxd6 Rxe1+ 17. Bf1 Ba6 18. h3 Rxf1+ 19. Kh2 Rc8 20. a4 Ne4 21. Qe6+ Kf8 22. b5 Bb7 23. Qd7 1-0


[Site "https://www.chess.com"]

[Event "Titled Tuesday Blitz March 28 Early 2023"]
[White "Tarnowska, Aleksandra"]
[Black "Orujov2008"]
[WhiteFideId "1180967"]
[WhiteElo "1776"]
[BlackElo "2283"]
[Result "0-1"]
[Round "06"]
[TimeControl "180+2"]
[Date "2023.03.28"]
[WhiteClock "0:00:02"]
[BlackClock "0:00:34"]

1. e4 e5 2. Nf3 Nf6 3. Nxe5 Nxe4 4. d3 Nf6 5. Nf3 d5 6. h3 Bd6 7. Bg5 O-O 8. Be2 h6 9. Be3 c5 10. d4 c4 11. Qd2 Nc6 12. c3 Ne4 13. Qc1 f5 14. Bf4 Qc7 15. Bxd6 Qxd6 16. Nbd2 Kh8 17. Qc2 Bd7 18. O-O-O Nxf2 19. g4 Nxd1 20. Qxd1 fxg4 21. hxg4 Bxg4 22. Nh4 Bxe2 23. Qxe2 Rae8 24. Qh5 Ne7 25. Ndf3 Qf4+ 26. Kb1 Qe4+ 27. Ka1 Rd8 28. a3 Rf6 29. Re1 Qd3 30. Rxe7 Rdf8 31. Qg4 R6f7 32. Rxf7 Rxf7 0-1


[Site "https://www.chess.com"]

[Event "Titled Tuesday Blitz March 28 Early 2023"]
[White "Jaivardhan Raj"]
[Black "Simonovic, Miroslav"]
[WhiteFideId "25744437"]
[BlackFideId "919152"]
[WhiteElo "1772"]
[BlackElo "2042"]
[Result "0-1"]
[Round "06"]
[TimeControl "180+2"]
[Date "2023.03.28"]
[WhiteClock "0:02:20"]
[BlackClock "0:01:45"]

1. e4 c5 2. Nf3 Nc6 3. d4 cxd4 4. Nxd4 g6 5. Nc3 Bg7 6. Be3 h5 7. Qd2 Nf6 8. O-O-O Ng4 9. Nxc6 bxc6 10. Bd4 O-O 11. Bxg7 Kxg7 12. f3 Nf6 13. Qd4 Qb6 14. Qxb6 axb6 15. e5 Ne8 16. Ne4 Rxa2 17. Bc4 Ra5 18. f4 f5 19. exf6+ Nxf6 20. Nxf6 Rxf6 21. g3 d5 22. Bb3 Bg4 23. Rde1 Kf7 24. h3 Bf5 25. g4 Be4 26. Rhf1 Ra1+ 27. Kd2 Rxe1 28. Rxe1 Rxf4 29. gxh5 gxh5 30. Ke3 Rf3+ 31. Kd4 Kf6 32. Bxd5 cxd5 0-1


[Site "https://www.chess.com"]

[Event "Titled Tuesday Blitz March 28 Early 2023"]
[White "Vemparala, Nikash"]
[Black "dorpato"]
[WhiteFideId "30960967"]
[WhiteElo "2023"]
[BlackElo "2028"]
[Result "1-0"]
[Round "06"]
[TimeControl "180+2"]
[Date "2023.03.28"]
[WhiteClock "0:00:19"]
[BlackClock "0:00:02"]

1. e4 c5 2. Nf3 g6 3. c3 d5 4. exd5 Qxd5 5. d4 cxd4 6. Na3 Bg7 7. Nb5 Qd8 8. Nbxd4 Nf6 9. Be3 O-O 10. h3 b6 11. Bd3 Bb7 12. O-O Nc6 13. Bb5 Nxd4 14. Bxd4 Qc7 15. Qe2 e6 16. Rad1 Bc6 17. Bxc6 Qxc6 18. Rfe1 Rfd8 19. Ne5 Qb7 20. a4 Rac8 21. Qb5 Rd5 22. Qb3 Rcd8 23. Qc4 Rc8 24. Qb3 Rcd8 25. Ra1 Nd7 26. Nxd7 Qxd7 27. Bxg7 Kxg7 28. c4 Rd3 29. Qc2 Qc6 30. b3 Rd2 31. Qc3+ Kg8 32. Rac1 Qc5 33. Qe3 Qxe3 34. Rxe3 R8d3 35. Rc3 Rxc3 36. Rxc3 Rb2 37. Kh2 Kg7 38. Kg3 Kf6 39. Kf3 Ke5 40. Ke3 f5 41. g3 h6 42. f4+ Kf6 43. Kd4 Rh2 44. h4 g5 45. hxg5+ hxg5 46. fxg5+ Kxg5 47. Ke5 Re2+ 48. Kd6 e5 49. b4 e4 50. c5 bxc5 51. bxc5 Rd2+ 52. Ke5 Rd8 53. c6 1-0


[Site "https://www.chess.com"]

[Event "Titled Tuesday Blitz March 28 Early 2023"]
[White "Better_Chess_Faster"]
[Black "Aanna12"]
[WhiteElo "1977"]
[BlackElo "2205"]
[Result "0-1"]
[Round "06"]
[TimeControl "180+2"]
[Date "2023.03.28"]
[WhiteClock "0:01:26"]
[BlackClock "0:01:29"]

1. c4 c5 2. g3 Nc6 3. Bg2 g6 4. Nc3 Bg7 5. Nf3 e5 6. O-O Nge7 7. Ne1 O-O 8. Nc2 d6 9. d3 Be6 10. Ne3 Qd7 11. a3 Bh3 12. Rb1 Bxg2 13. Kxg2 f5 14. Ned5 Nxd5 15. Nxd5 Ne7 16. Nxe7+ Qxe7 17. b4 b6 18. bxc5 dxc5 19. Bb2 Rad8 20. Qc2 Qb7+ 21. f3 Rfe8 22. a4 Bh6 23. e4 fxe4 24. dxe4 Rd2+ 25. Rf2 Rxc2 26. Rxc2 Qd7 27. Bc3 Qd3 28. Rbb2 Be3 29. Be1 Bd4 30. Ra2 Rf8 31. f4 Qxe4+ 0-1


[Site "https://www.chess.com"]

[Event "Titled Tuesday Blitz March 28 Early 2023"]
[White "Fabris, Alberto"]
[Black "Vargas, Mauricio"]
[WhiteFideId "801348"]
[BlackFideId "4404572"]
[WhiteElo "2187"]
[BlackElo "2025"]
[Result "1-0"]
[Round "06"]
[TimeControl "180+2"]
[Date "2023.03.28"]
[WhiteClock "0:00:34"]
[BlackClock "0:00:03"]

1. e4 d5 2. exd5 Qxd5 3. Nc3 Qa5 4. d4 c6 5. Bc4 Nf6 6. Nf3 Bg4 7. Bd2 Qc7 8. Qe2 e6 9. O-O-O Nbd7 10. h3 Bf5 11. g4 Bg6 12. g5 Nd5 13. Nxd5 cxd5 14. Bb3 Bd6 15. Kb1 Rc8 16. Rc1 O-O 17. h4 Bh5 18. Qe3 b5 19. Ng1 a5 20. a4 bxa4 21. Bxa4 Rb8 22. b3 Nb6 23. Bb5 a4 24. b4 a3 25. c3 Bg6+ 26. Ka1 Rfc8 27. h5 Be4 28. f3 Bf5 29. Ne2 Nc4 30. Bxc4 dxc4 31. f4 Bd3 32. Ng3 Rb5 33. Ne4 Bxe4 34. Qxe4 Rcb8 35. g6 hxg6 36. hxg6 Rf5 37. Rh4 fxg6 38. Qxe6+ 1-0


[Site "https://www.chess.com"]

[Event "Titled Tuesday Blitz March 28 Early 2023"]
[White "Hartikainen, Jarmo"]
[Black "Lohani, Sujana"]
[WhiteFideId "503134"]
[BlackFideId "12311987"]
[WhiteElo "2173"]
[BlackElo "1718"]
[Result "0-1"]
[Round "06"]
[TimeControl "180+2"]
[Date "2023.03.28"]
[WhiteClock "0:00:04"]
[BlackClock "0:00:21"]

1. e4 d6 2. d4 Nf6 3. Nc3 g6 4. Nf3 Bg7 5. Be2 O-O 6. O-O Nbd7 7. Re1 e5 8. dxe5 Nxe5 9. Nxe5 dxe5 10. Bg5 c6 11. Bc4 Qb6 12. Bb3 Bg4 13. Qc1 Rad8 14. h3 Bc8 15. a4 a5 16. Be3 Qb4 17. Bg5 Rd4 18. f3 Nh5 19. Be3 Rd7 20. Rd1 Rfd8 21. Rxd7 Rxd7 22. Qf1 Nf4 23. Qc4 Qe7 24. Rd1 Rxd1+ 25. Nxd1 Be6 26. Qc5 Qh4 27. Bxe6 Qe1+ 28. Kh2 Nxe6 29. Qxa5 Qxa5 30. Nc3 Nd4 31. Kg3 Nxc2 32. Bf2 Nd4 33. Kh2 Qb4 34. h4 Qxb2 35. Nd1 Qd2 0-1


[Site "https://www.chess.com"]

[Event "Titled Tuesday Blitz March 28 Early 2023"]
[White "Le, Tuan Minh"]
[Black "Dubov, Daniil"]
[WhiteFideId "12401153"]
[BlackFideId "24126055"]
[WhiteElo "2558"]
[BlackElo "2802"]
[Result "1/2-1/2"]
[Round "07"]
[TimeControl "180+2"]
[Date "2023.03.28"]
[WhiteClock "0:00:12"]
[BlackClock "0:00:17"]

1. d4 d5 2. Nf3 Nf6 3. Bf4 g6 4. e3 Bg7 5. h3 O-O 6. c3 c5 7. Nbd2 b6 8. Bd3 Nc6 9. O-O Bb7 10. Ne5 Nd7 11. Nxd7 Qxd7 12. Nf3 Rfe8 13. Qe2 a6 14. Rfd1 e5 15. dxe5 Nxe5 16. Bxe5 Bxe5 17. Bc2 d4 18. cxd4 cxd4 19. Bb3 Bf6 20. Nxd4 Bxd4 21. Qc4 Re4 22. Rxd4 Rxd4 23. Qxd4 Qxd4 24. exd4 Rd8 25. Rd1 Kf8 26. f3 Ke7 27. Kf2 f6 28. Ke3 Kd6 29. h4 Re8+ 30. Kd3 a5 31. Bc4 Bc6 32. a3 h6 33. Kd2 Re7 34. Re1 Rxe1 35. Kxe1 g5 36. hxg5 hxg5 37. Kf2 Bd7 38. Ke3 Bc8 39. Ke4 Bd7 40. g3 Bc8 41. f4 gxf4 42. Kxf4 Bd7 43. Bf7 Bc8 44. Ke4 Bd7 45. Kd3 Bb5+ 46. Kc3 Be2 47. Bg8 Bf1 48. Bc4 Bg2 49. b4 axb4+ 50. Kxb4 Bc6 51. Bb5 Bf3 52. Ba6 Bc6 53. Bc4 Bd7 54. Kc3 Bf5 55. Kd2 Bd7 56. Ke3 Bc8 57. Kf4 Bd7 58. Bb3 Bc8 59. Ke4 Bd7 60. Bc4 Bc8 61. Kf4 Bd7 62. g4 Bc8 63. g5 fxg5+ 64. Kxg5 Bd7 65. Kf6 Bc8 66. Kf7 Bd7 67. Kf8 Bc6 68. Kf7 Bd5+ 69. Bxd5 Kxd5 70. Ke7 Kxd4 71. Kd6 Kc4 72. Kc6 b5 73. Kb6 b4 74. axb4 Kxb4 1/2-1/2


[Site "https://www.chess.com"]

[Event "Titled Tuesday Blitz March 28 Early 2023"]
[White "So, Wesley"]
[Black "Gholami Orimi, Mahdi"]
[WhiteFideId "5202213"]
[BlackFideId "12558486"]
[WhiteElo "2739"]
[BlackElo "2363"]
[Result "0-1"]
[Round "07"]
[TimeControl "180+2"]
[Date "2023.03.28"]
[WhiteClock "0:00:02"]
[BlackClock "0:00:03"]

1. e4 e5 2. Nf3 Nc6 3. Bc4 Nf6 4. Ng5 d5 5. exd5 Na5 6. Bb5+ c6 7. dxc6 bxc6 8. Bd3 Nd5 9. Nf3 Bd6 10. Nc3 Nf4 11. O-O Nxd3 12. cxd3 O-O 13. Re1 f6 14. Ne4 c5 15. b3 Ba6 16. Ba3 Bxd3 17. Nxc5 Bxc5 18. Bxc5 Rf7 19. Rc1 Rd7 20. b4 Nb7 21. Qb3+ Kh8 22. h3 Qe8 23. Re3 Bf5 24. d4 e4 25. Nd2 Be6 26. Qb2 f5 27. f3 Bd5 28. fxe4 fxe4 29. Nf1 Nd6 30. Bxd6 Rxd6 31. Rg3 Rc6 32. Rc5 Rd8 33. Ne3 Rcd6 34. Rg5 Bg8 35. d5 Rg6 36. Rxg6 Qxg6 37. Qe5 Re8 38. Qd4 Qg3 39. d6 Be6 40. Rc7 Rf8 41. Re7 Bxh3 42. d7 Qf2+ 43. Kh1 Bxg2+ 44. Kh2 Bf1+ 45. Kh1 Qh4+ 46. Kg1 Qxe7 47. Nxf1 Rd8 48. Qxa7 Qxd7 49. Qxd7 Rxd7 50. Ne3 Rd3 51. Kf2 Rd2+ 52. Kg3 Rxa2 53. Kf4 Rb2 54. Nd5 Re2 55. b5 Re1 56. b6 h6 57. Nc3 Rf1+ 58. Kxe4 Rf8 59. Kd5 Kh7 60. b7 h5 61. Ne4 h4 62. Kc6 Kg6 0-1


[Site "https://www.chess.com"]

[Event "Titled Tuesday Blitz March 28 Early 2023"]
[White "Vachier-Lagrave, Maxime"]
[Black "Dardha, Daniel"]
[WhiteFideId "623539"]
[BlackFideId "240990"]
[WhiteElo "2740"]
[BlackElo "2581"]
[Result "1-0"]
[Round "07"]
[TimeControl "180+2"]
[Date "2023.03.28"]
[WhiteClock "0:00:09"]
[BlackClock "0:00:02"]

1. c4 e5 2. Nc3 Nf6 3. Nf3 e4 4. Ng5 c6 5. Ngxe4 Nxe4 6. Nxe4 d5 7. cxd5 cxd5 8. Ng3 h5 9. e3 Nc6 10. d4 h4 11. Ne2 Bf5 12. Nc3 Bb4 13. Bd2 h3 14. gxh3 Qd7 15. Qb3 O-O-O 16. a3 Bxc3 17. Bxc3 Bxh3 18. Bb5 a6 19. Bxc6 Qxc6 20. Rg1 Bf5 21. Rc1 Kb8 22. Qd1 Rc8 23. Qf3 Qf6 24. Qf4+ Ka8 25. Rg5 g6 26. h4 Rce8 27. f3 Rh7 28. Kd2 Qb6 29. h5 Qb5 30. Rxf5 gxf5 31. Qxf5 Rg7 32. Kc2 Rxe3 33. Kb1 Qd3+ 34. Qxd3 Rxd3 35. Re1 Rxf3 36. Re5 Rh7 37. Rxd5 f5 38. Ba5 Ka7 39. Rd6 b5 40. h6 f4 41. Rf6 Rf1+ 42. Ka2 f3 43. d5 Kb7 44. Rb6+ Kc8 45. Rf6 Rd1 46. Rxf3 Rxd5 47. Rf6 Rd4 48. Rxa6 Kb7 49. Rg6 Rd5 50. Bc3 Rh5 51. Bg7 Rh3 52. Rg5 Kb6 53. Rg6+ Kb7 54. Re6 Kc7 55. Kb1 Kb7 56. Kc2 Kc7 57. Kd2 Kb7 58. Ke2 Kc7 59. Rg6 Kd7 60. Kf2 Rh5 61. Kg3 Ke7 62. Rb6 Kf7 63. Kg4 Rd5 64. Kf4 Rc5 65. Ke4 Rh5 66. Kd3 Ke7 67. Kc3 Kd7 68. Kb4 Kc7 69. Rxb5 Rh3 70. Ka5 Kc6 71. Rb6+ Kc5 72. b4+ Kd5 73. a4 Kc4 74. Rc6+ Kd5 75. b5 Rb3 76. Kb6 Rd3 77. a5 Rf3 78. a6 Rf7 79. a7 Rxa7 80. Kxa7 Rxh6 81. Bxh6 1-0


[Site "https://www.chess.com"]

[Event "Titled Tuesday Blitz March 28 Early 2023"]
[White "Andreikin, Dmitry"]
[Black "Deac, Bogdan-Daniel"]
[WhiteFideId "4158814"]
[BlackFideId "1226380"]
[WhiteElo "2736"]
[BlackElo "2649"]
[Result "0-1"]
[Round "07"]
[TimeControl "180+2"]
[Date "2023.03.28"]
[WhiteClock "0:00:10"]
[BlackClock "0:00:05"]

1. Nf3 d5 2. e3 Nf6 3. c4 e6 4. d4 a6 5. b3 c5 6. Bb2 cxd4 7. exd4 Nc6 8. Nbd2 g6 9. Rc1 Bg7 10. Be2 O-O 11. O-O dxc4 12. Nxc4 b5 13. Nfe5 Bb7 14. Bf3 Nxe5 15. dxe5 Qxd1 16. Rfxd1 Bxf3 17. gxf3 Nd5 18. Ne3 Nf4 19. Kf1 Rfd8 20. Bd4 h5 21. Ng2 Nd5 22. Ne3 Nf4 23. Ng2 Nd5 24. Ne3 Bh6 25. Bc5 Rac8 26. b4 Bxe3 27. Bxe3 Nxe3+ 28. fxe3 Rxc1 29. Rxc1 Rd2 30. a3 Ra2 31. Rc6 Rxa3 32. Kf2 Ra4 33. f4 Kg7 34. h4 Rxb4 35. Rxa6 Rb2+ 36. Kf3 b4 37. Rb6 Rb1 38. Rb8 b3 39. Kg2 b2 40. Rb7 Kf8 41. Kh2 Ke8 42. Kg2 Kd8 43. Kh2 Kc8 44. Rb3 Kc7 45. Kg2 Kc6 46. Kh2 Kc5 47. Rb7 Kc4 48. Kg2 Kd3 49. Rb3+ Kc2 0-1


[Site "https://www.chess.com"]

[Event "Titled Tuesday Blitz March 28 Early 2023"]
[White "Nakamura, Hikaru"]
[Black "Shimanov, Aleksandr"]
[WhiteFideId "2016192"]
[BlackFideId "4198603"]
[WhiteElo "2879"]
[BlackElo "2631"]
[Result "1-0"]
[Round "07"]
[TimeControl "180+2"]
[Date "2023.03.28"]
[WhiteClock "0:00:16"]
[BlackClock "0:00:02"]

1. Nf3 Nf6 2. g3 d5 3. Bg2 Nbd7 4. d4 e6 5. b3 b6 6. O-O Bb7 7. c4 Be7 8. Nc3 O-O 9. Bb2 c5 10. cxd5 Nxd5 11. Na4 cxd4 12. Nxd4 Rc8 13. e4 N5f6 14. Qe2 a6 15. Rfd1 Qc7 16. e5 Nd5 17. Nf5 exf5 18. Bxd5 Bxd5 19. Rxd5 b5 20. Rad1 Rcd8 21. e6 Nf6 22. Bxf6 Bxf6 23. Nc5 Rxd5 24. Rxd5 Qc6 25. Rxf5 Re8 26. exf7+ Kxf7 27. Qf3 Qxf3 28. Rxf3 a5 29. Re3 Rc8 30. Ne4 Rc1+ 31. Kg2 Rc2 32. a3 a4 33. Nd6+ Kg6 34. Nxb5 axb3 35. Rxb3 Ra2 36. Nc3 Ra1 37. Nd5 Bd4 38. Rd3 Bc5 39. Nf4+ Kf7 40. Rd7+ Ke8 41. Rxg7 Ra2 42. Nd3 Bxa3 43. Rxh7 1-0


[Site "https://www.chess.com"]

[Event "Titled Tuesday Blitz March 28 Early 2023"]
[White "Giri, Anish"]
[Black "Xu, Xiangyu"]
[WhiteFideId "24116068"]
[BlackFideId "8608288"]
[WhiteElo "2807"]
[BlackElo "2477"]
[Result "1-0"]
[Round "07"]
[TimeControl "180+2"]
[Date "2023.03.28"]
[WhiteClock "0:00:16"]
[BlackClock "0:00:02"]

1. e4 c5 2. Nf3 d6 3. d4 cxd4 4. Nxd4 Nf6 5. Nc3 a6 6. h3 e5 7. Nf3 Be7 8. g4 h6 9. Rg1 b5 10. g5 hxg5 11. Nxg5 Bb7 12. Be3 Nbd7 13. a4 b4 14. Bc4 bxc3 15. Bxf7+ Kf8 16. Bg6 cxb2 17. Ne6+ Kg8 18. Bf5 Bf8 19. Nxd8 bxa1=Q 20. Qxa1 Rxd8 21. Qb2 Ba8 22. Qb3+ d5 23. Be6+ Kh7 24. exd5 Rb8 25. Qa2 Bb4+ 26. Ke2 Rhc8 27. c4 e4 28. Qc2 Ne5 29. Bxc8 Rxc8 30. Qb3 Rxc4 31. Bf4 Bxd5 32. Bxe5 e3 33. Bxf6 exf2 34. Rxg7+ Kh8 35. Rg6+ Kh7 36. Rg7+ Kh8 37. Qd3 Re4+ 38. Kxf2 Bc5+ 39. Kf1 Bc4 40. Qxc4 Rxc4 41. Rg4+ Kh7 42. Rxc4 1-0


[Site "https://www.chess.com"]

[Event "Titled Tuesday Blitz March 28 Early 2023"]
[White "Bortnyk, Olexandr"]
[Black "Drygalov, Andrey"]
[WhiteFideId "14120828"]
[BlackFideId "24171735"]
[WhiteElo "2734"]
[BlackElo "2471"]
[Result "1-0"]
[Round "07"]
[TimeControl "180+2"]
[Date "2023.03.28"]
[WhiteClock "0:00:13"]
[BlackClock "0:00:04"]

1. d4 Nf6 2. Nc3 d5 3. Bf4 g6 4. e3 Bg7 5. h4 h5 6. Nf3 O-O 7. Ne5 c5 8. Qd2 Nc6 9. f3 Bf5 10. Bb5 Nb4 11. Ba4 cxd4 12. exd4 Rc8 13. a3 Nc6 14. Bxc6 bxc6 15. Na4 Ne8 16. O-O-O f6 17. Nd3 Nd6 18. Rhe1 Nc4 19. Qc3 Re8 20. Nac5 e5 21. dxe5 fxe5 22. Nxe5 Qe7 23. Nxc4 Qxc5 24. Ne5 Qxc3 25. bxc3 Bf8 26. a4 Ba3+ 27. Kd2 Be7 28. g3 Bf6 29. Nd3 Rxe1 30. Rxe1 c5 31. Bg5 Bg7 32. Re7 d4 33. c4 a6 34. Bf4 Bf8 35. Ra7 Rc6 36. a5 Re6 37. Rc7 Bxd3 38. cxd3 Be7 39. Rb7 Kf8 40. Rc7 Ke8 41. Kd1 Kd8 42. Rb7 Ke8 43. Bc1 Bd8 44. Bd2 Rc6 45. Rg7 Re6 46. Ra7 Rc6 47. Ra8 Kd7 48. Ke2 Be7 49. Ra7+ Ke6 50. Kf2 Bd6 51. Rg7 Kf6 52. Rb7 Ke6 53. Kg2 Bc7 54. g4 Kd7 55. Bf4 hxg4 56. fxg4 Kc8 57. Rxc7+ Rxc7 58. Bxc7 Kxc7 59. h5 Kd6 60. h6 1-0


[Site "https://www.chess.com"]

[Event "Titled Tuesday Blitz March 28 Early 2023"]
[White "Firouzja, Alireza"]
[Black "Terry, Renato"]
[WhiteFideId "12573981"]
[BlackFideId "3803457"]
[WhiteElo "2904"]
[BlackElo "2579"]
[Result "1-0"]
[Round "07"]
[TimeControl "180+2"]
[Date "2023.03.28"]
[WhiteClock "0:00:09"]
[BlackClock "0:00:10"]

1. d4 d5 2. c4 dxc4 3. Nf3 Nf6 4. e3 e6 5. Bxc4 a6 6. O-O c5 7. b3 b5 8. Be2 Bb7 9. Bb2 Nbd7 10. a4 b4 11. Nbd2 Be7 12. Rc1 O-O 13. Ne5 Rc8 14. Ndc4 cxd4 15. Nxd7 Nxd7 16. Bxd4 Nc5 17. a5 Bd5 18. Nb6 Bxb3 19. Nxc8 Bxd1 20. Nxe7+ Qxe7 21. Bxc5 Qxc5 22. Rxc5 Bxe2 23. Rb1 Rd8 24. h4 h5 25. Rxb4 g6 26. Rd4 Rb8 27. Rc7 Bb5 28. Rd6 Re8 29. Rb6 Kg7 30. Rbb7 Rf8 31. f4 Bd3 32. Rd7 Be4 33. Ra7 Kf6 34. Rxa6 Rc8 35. Raa7 Kf5 36. Rxf7+ Kg4 37. Rac7 Rb8 38. Rc5 Bf5 39. Kh2 Rb2 40. a6 Ra2 41. a7 Kxh4 42. Re5 Bg4 43. Rg5 Bf3 44. Rxg6 e5 45. fxe5 Bg4 46. a8=Q 1-0


[Site "https://www.chess.com"]

[Event "Titled Tuesday Blitz March 28 Early 2023"]
[White "Drozdowski, Kacper"]
[Black "Vidit, Santosh Gujrathi"]
[WhiteFideId "1136720"]
[BlackFideId "5029465"]
[WhiteElo "2497"]
[BlackElo "2651"]
[Result "1-0"]
[Round "07"]
[TimeControl "180+2"]
[Date "2023.03.28"]
[WhiteClock "0:00:16"]
[BlackClock "0:00:17"]

1. e4 g6 2. d4 Bg7 3. Nc3 d6 4. f4 a6 5. Nf3 b5 6. Bd3 Bb7 7. e5 e6 8. Qe2 Ne7 9. a4 b4 10. Ne4 Qd7 11. Bd2 a5 12. O-O Nbc6 13. c3 O-O 14. Bb5 Rfd8 15. Rad1 Qc8 16. Nfg5 Nd5 17. Qg4 h6 18. Nf3 bxc3 19. bxc3 Nce7 20. Rfe1 Nf5 21. Qh3 Nde3 22. Bxe3 Bxe4 23. Bf2 Qb7 24. Nd2 Bc6 25. Rb1 Rdb8 26. Qd3 h5 27. Bxc6 Qxc6 28. Qc4 Qd7 29. h3 Bh6 30. g3 h4 31. g4 Bxf4 32. Ne4 d5 33. Rxb8+ Rxb8 34. Nf6+ Kg7 35. Nxd7 dxc4 36. Nxb8 Ne7 37. Be3 Bg3 38. Rb1 Nd5 39. Bd2 g5 40. Nc6 Bf4 41. Be1 Be3+ 42. Kh2 Nf4 43. Nxa5 Ne2 44. Nxc4 1-0


[Site "https://www.chess.com"]

[Event "Titled Tuesday Blitz March 28 Early 2023"]
[White "Grigoriants, Sergey"]
[Black "Sarana, Alexey"]
[WhiteFideId "4130804"]
[BlackFideId "24133795"]
[WhiteElo "2502"]
[BlackElo "2714"]
[Result "0-1"]
[Round "07"]
[TimeControl "180+2"]
[Date "2023.03.28"]
[WhiteClock "0:00:15"]
[BlackClock "0:00:15"]

1. d4 Nf6 2. c4 e6 3. Nf3 d5 4. Nc3 Nbd7 5. Bf4 Bb4 6. e3 c5 7. Nd2 cxd4 8. exd4 O-O 9. Qc2 Re8 10. a3 Ba5 11. Be2 e5 12. Be3 Ng4 13. Bxg4 exd4 14. O-O dxe3 15. fxe3 Nf6 16. Bf3 Be6 17. Rad1 Rc8 18. b4 Bb6 19. c5 Bc7 20. Nb5 Bb8 21. Nc4 Qe7 22. Ncd6 Bxd6 23. Nxd6 Qxd6 0-1


[Site "https://www.chess.com"]

[Event "Titled Tuesday Blitz March 28 Early 2023"]
[White "Vasquez Schroeder, Rodrigo"]
[Black "Paravyan, David"]
[WhiteFideId "3400042"]
[BlackFideId "4194985"]
[WhiteElo "2600"]
[BlackElo "2577"]
[Result "1-0"]
[Round "07"]
[TimeControl "180+2"]
[Date "2023.03.28"]
[WhiteClock "0:01:02"]
[BlackClock "0:00:02"]

1. d4 Nf6 2. Nf3 g6 3. c4 Bg7 4. g3 c6 5. Bg2 d5 6. cxd5 cxd5 7. Ne5 O-O 8. Nc3 Nc6 9. Nxc6 bxc6 10. O-O Bf5 11. Bf4 h5 12. Qd2 h4 13. Rac1 h3 14. Bf3 Ne4 15. Bxe4 dxe4 16. Rfd1 Qa5 17. Bh6 Rab8 18. Bxg7 Kxg7 19. b3 Rfd8 20. Qe3 e5 21. dxe5 Qxe5 22. f3 c5 23. g4 Be6 24. Nxe4 Rd4 25. Rxd4 cxd4 26. Qg5 Rb5 27. Qxe5+ Rxe5 28. Rc5 Bd5 29. Kf2 f6 30. Rc7+ Kh6 31. Nxf6 Kg5 32. Nxd5 Rxd5 33. b4 d3 34. Rc1 d2 35. Rd1 Kh4 36. e3 a5 37. bxa5 g5 38. Ke2 Rxa5 39. Rxd2 Rxa2 40. f4 Ra1 41. fxg5 Kxg5 42. Kf3 Rf1+ 43. Kg3 Rg1+ 44. Kxh3 1-0


[Site "https://www.chess.com"]

[Event "Titled Tuesday Blitz March 28 Early 2023"]
[White "Anton Guijarro, David"]
[Black "Mitrabha, Guha"]
[WhiteFideId "2285525"]
[BlackFideId "5057000"]
[WhiteElo "2618"]
[BlackElo "2507"]
[Result "1/2-1/2"]
[Round "07"]
[TimeControl "180+2"]
[Date "2023.03.28"]
[WhiteClock "0:00:07"]
[BlackClock "0:00:09"]

1. Nf3 Nf6 2. b3 b6 3. Bb2 Bb7 4. g3 c5 5. c4 g6 6. Bg2 Bg7 7. O-O O-O 8. d4 Ne4 9. Qc2 Na6 10. Rd1 cxd4 11. Nxd4 Nec5 12. Bxb7 Nxb7 13. e4 Rc8 14. Nc3 Nac5 15. Qe2 d6 16. Nf3 Ne6 17. e5 Qe8 18. Nb5 dxe5 19. Nxa7 Ra8 20. Nb5 f6 21. b4 Qc6 22. a3 Rfc8 23. Rac1 Nc7 24. Nd2 Qe6 25. Nc3 Nd6 26. Nce4 f5 27. Ng5 Qf6 28. Ngf3 Nf7 29. Re1 Rd8 30. Nb3 Ne6 31. Nxe5 Nxe5 32. Bxe5 Qxe5 33. Qxe5 Bxe5 34. Rxe5 Ng5 35. Rxe7 Rxa3 36. Re3 Ra2 37. Kg2 Ne4 38. Rf1 Rb2 39. c5 bxc5 40. Nxc5 Nxc5 41. bxc5 Rc2 42. Re5 Rdd2 43. h4 Kf7 44. h5 Kf6 45. Re8 gxh5 46. Rh8 Kg7 47. Rc8 Kg6 48. Rc7 h6 49. Kh3 Rxf2 50. Rxf2 Rxf2 51. Rd7 Rc2 52. Rd6+ Kg5 53. c6 Rc3 54. Kg2 Rc4 55. Kf3 Rc3+ 56. Kf2 Rc5 57. Ke3 Rc4 58. Kd3 Rc1 59. Ke3 Rc3+ 60. Kd4 Rc1 61. Kd5 h4 62. gxh4+ Kxh4 63. Rxh6+ Kg5 64. Rh8 f4 65. Rg8+ Kf5 66. Rf8+ Kg4 67. Kd6 f3 68. c7 Kg3 69. c8=Q Rxc8 70. Rxc8 f2 71. Rf8 Kg2 72. Ke5 f1=Q 73. Rxf1 Kxf1 1/2-1/2


[Site "https://www.chess.com"]

[Event "Titled Tuesday Blitz March 28 Early 2023"]
[White "Harsha Bharathakoti"]
[Black "Yoo, Christopher Woojin"]
[WhiteFideId "5078776"]
[BlackFideId "30909694"]
[WhiteElo "2481"]
[BlackElo "2519"]
[Result "0-1"]
[Round "07"]
[TimeControl "180+2"]
[Date "2023.03.28"]
[WhiteClock "0:00:01"]
[BlackClock "0:00:24"]

1. c4 e5 2. Nc3 Bb4 3. Nd5 a5 4. Nf3 d6 5. a3 Bc5 6. e3 c6 7. d4 Ba7 8. Nc3 Qe7 9. Be2 Nf6 10. h3 O-O 11. Qc2 e4 12. Nd2 d5 13. g4 Be6 14. b3 Nbd7 15. Bb2 Rfc8 16. c5 Bb8 17. b4 axb4 18. axb4 Rxa1+ 19. Bxa1 Bc7 20. Bb2 Ra8 21. Nb3 Ne8 22. h4 f5 23. gxf5 Bxf5 24. b5 Qf7 25. h5 Nef6 26. b6 Bd8 27. Qd1 Nf8 28. Kd2 Ne6 29. Rg1 Nd7 30. Kc1 Bh4 31. Rg2 Bh3 32. Rh2 Ng5 33. Qh1 Qf5 34. Nd1 Nf6 35. Nd2 Ng4 36. Rxh3 Nxf2 37. Nxf2 Bxf2 38. Rh2 Bxe3 39. Qf1 Nf3 40. Bxf3 exf3 41. Rh3 Ra2 42. Rxf3 Bxd2+ 0-1


[Site "https://www.chess.com"]

[Event "Titled Tuesday Blitz March 28 Early 2023"]
[White "Makarian, Rudik"]
[Black "Koustav, Chatterjee"]
[WhiteFideId "44105681"]
[BlackFideId "25073060"]
[WhiteElo "2436"]
[BlackElo "2432"]
[Result "0-1"]
[Round "07"]
[TimeControl "180+2"]
[Date "2023.03.28"]
[WhiteClock "0:00:07"]
[BlackClock "0:00:15"]

1. d4 Nf6 2. c4 e6 3. Nf3 d5 4. Nc3 Bb4 5. Qa4+ Nc6 6. Bd2 O-O 7. a3 Bxc3 8. Bxc3 Ne4 9. e3 Nxc3 10. bxc3 dxc4 11. Bxc4 Ne7 12. O-O c5 13. Ne5 Qc7 14. Bd3 b6 15. Qc2 h6 16. Bh7+ Kh8 17. Be4 Rb8 18. Qe2 Bb7 19. Bxb7 Rxb7 20. a4 Kg8 21. Rfc1 Rc8 22. h4 cxd4 23. cxd4 Qxc1+ 24. Rxc1 Rxc1+ 25. Kh2 Rbc7 26. Qf3 Nd5 27. h5 Nf6 28. Qa8+ Kh7 29. Qf8 Nd7 30. Qxf7 Nxe5 31. Qxe6 Nd7 32. d5 Nf6 33. e4 Re1 34. f3 Rcc1 35. g4 Re2+ 36. Kg3 Rc3 37. e5 Ne4+ 38. Kf4 Rxf3+ 39. Kxf3 Ng5+ 40. Kxe2 Nxe6 41. dxe6 Kg8 42. Kd3 Kf8 43. Kc4 a6 44. Kd5 Ke7 45. Kc6 b5 46. axb5 axb5 47. Kxb5 Kxe6 48. Kc6 Kxe5 49. Kd7 Kf4 50. Ke6 Kxg4 51. Kf7 Kxh5 52. Kxg7 Kg5 0-1


[Site "https://www.chess.com"]